[Event "ICC tourney 2850 (40 10)"]
[Site "Internet Chess Club"]
[Date "2022.03.12"]
[Round "3"]
[White "SCHWARTZ, DOUGLAS S:Douglas1"]
[Black "VOLOSHIN, VANYA:Vanya-long"]
[Result "1-0"]
[ICCResult "Black checkmated"]
[WhiteElo "1318"]
[BlackElo "812"]
[Opening "Giuoco Piano"]
[ECO "C50"]
[NIC "IG.02"]
[Time "15:31:21"]
[PlyCount "143"]
[TimeControl "2400+10"]

1. e4 e5 2. Nf3 Nc6 3. Bc4 Bc5 4. O-O Nf6 5. d3 h6 6. h3 d6 7. Re1 O-O 8.
Nbd2 Qe7 9. Nf1 Be6 10. Bb5 Bd7 11. c3 Rfe8 12. Ng3 Rad8 13. Bd2 a6 14. Ba4
Bb6 15. Be3 Bxe3 16. Rxe3 d5 17. Bxc6 Bxc6 18. exd5 Rxd5 19. c4 Rdd8 20.
Rxe5 Qd6 21. Rxe8+ Rxe8 22. Rc1 Rd8 23. Nf5 Bxf3 24. Qxf3 Qxd3 25. Nxh6+
gxh6 26. Qxf6 Qd2 27. Rc3 Qd1+ 28. Kh2 Qd6+ 29. Qxd6 Rxd6 30. Rc2 Kg7 31. h4
Rd4 32. g3 Kg6 33. b3 Kf5 34. Re2 Kf6 35. Kg2 c5 36. Kh3 b5 37. cxb5 axb5
38. Rc2 c4 39. bxc4 bxc4 40. a4 c3 41. Rxc3 Rxa4 42. Rc6+ Kg7 43. f4 Ra3 44.
Kg4 Ra5 45. f5 Rb5 46. Rd6 Ra5 47. Kf4 Ra4+ 48. Ke5 Ra5+ 49. Rd5 Ra3 50. g4
Ra4 51. Rd4 Ra5+ 52. Kf4 Ra6 53. g5 hxg5+ 54. hxg5 Rb6 55. Kg4 Rc6 56. Kh5
Ra6 57. f6+ Kg8 58. Kh6 Ra8 59. Rd7 Rb8 60. g6 fxg6 61. Kxg6 Kf8 62. Rh7 Kg8
63. f7+ Kf8 64. Rh8+ Ke7 65. Rxb8 Ke6 66. f8=Q Ke5 67. Rb7 Kd5 68. Re7 Kd4
69. Qd8+ Kc3 70. Rc7+ Kb2 71. Qb8+ Ka1 72. Ra7# {Black checkmated} 1-0

[Event "ICC tourney 2850 (40 10)"]
[Site "Internet Chess Club"]
[Date "2022.03.12"]
[Round "3"]
[White "KING, JAMES F:jfkingiii"]
[Black "KINKUS, SAM E:Grandslam34"]
[Result "1-0"]
[ICCResult "Black resigns"]
[WhiteElo "1392"]
[BlackElo "777"]
[Opening "Pirc: Austrian attack, dragon formation"]
[ECO "B09"]
[NIC "PU.05"]
[Time "15:31:27"]
[PlyCount "51"]
[TimeControl "2400+10"]

1. e4 d6 2. d4 Nf6 3. Nc3 g6 4. f4 Bg7 5. Nf3 c5 6. Be3 Ng4 7. Qd2 Nxe3 8.
Qxe3 Qa5 9. O-O-O Bg4 10. e5 O-O 11. h3 cxd4 12. Rxd4 Bxf3 13. gxf3 Qc7 14.
Re4 dxe5 15. fxe5 Qb6 16. Qxb6 axb6 17. f4 Nd7 18. Bb5 Nc5 19. Ree1 Bh6 20.
Kb1 Bxf4 21. Nd5 Bg3 22. Nxe7+ Kh8 23. Re2 Rfd8 24. Bc4 Re8 25. Nd5 Bxe5 26.
Rhe1 {Black resigns} 1-0

[Event "ICC tourney 2850 (40 10)"]
[Site "Internet Chess Club"]
[Date "2022.03.12"]
[Round "3"]
[White "HAMLETT, JAMES MORRISON:Hamlett144"]
[Black "GANAPATIRAJU, SREE CHETAN VARMA:chetan2012"]
[Result "0-1"]
[ICCResult "White checkmated"]
[WhiteElo "1216"]
[BlackElo "1395"]
[Opening "Scotch game"]
[ECO "C45"]
[NIC "SO.05"]
[Time "15:31:23"]
[PlyCount "66"]
[TimeControl "2400+10"]

1. e4 e5 2. Nf3 Nc6 3. d4 exd4 4. Nxd4 Bc5 5. c3 d6 6. Bc4 Nf6 7. Bg5 h6 8.
Bxf6 Qxf6 9. O-O Bxd4 10. cxd4 Qxd4 11. Qb3 Ne5 12. Bd5 c6 13. Rd1 Qc5 14.
Nc3 cxd5 15. Nxd5 Be6 16. Qxb7 O-O 17. Ne7+ Kh8 18. Rac1 Qb6 19. Qc7 Qxc7
20. Rxc7 Bxa2 21. Rxd6 Rfd8 22. Rxd8+ Rxd8 23. f4 Ng4 24. g3 Rd1+ 25. Kg2
Rd2+ 26. Kh3 h5 27. Kh4 f6 28. Ng6+ Kh7 29. Nf8+ Kh6 30. h3 Nf2 31. f5 Nxe4
32. Ng6 Nd6 33. Rxa7 Nxf5# {White checkmated} 0-1

[Event "ICC tourney 2850 (40 10)"]
[Site "Internet Chess Club"]
[Date "2022.03.12"]
[Round "3"]
[White "WEISS, MATTHEW DAVID:portnoy311"]
[Black "Bharathy Mohan, Aarav Sai:aaravbm"]
[Result "0-1"]
[ICCResult "White resigns"]
[WhiteElo "1189"]
[BlackElo "1004"]
[Opening "Vienna gambit"]
[ECO "C29"]
[NIC "VG.04"]
[Time "15:31:23"]
[PlyCount "100"]
[TimeControl "2400+10"]

1. e4 e5 2. Nc3 Nf6 3. f4 exf4 4. e5 Qe7 5. Qe2 Ng8 6. Nf3 Nc6 7. d4 d6 8.
Bxf4 dxe5 9. Nxe5 Nxe5 10. Bxe5 f6 11. Bxc7 Qxe2+ 12. Bxe2 Bb4 13. O-O Bxc3
14. bxc3 Ne7 15. Bc4 Bd7 16. Rae1 Rc8 17. Bd6 Rxc4 18. Rxe7+ Kd8 19. Rfe1
Rxc3 20. Rxg7 Rxc2 21. Ree7 Bc6 22. Rc7 Rc1+ 23. Kf2 Rc2+ 24. Kg3 Rxg2+ 25.
Kh4 Rxg7 26. Rxg7 Re8 27. Rxh7 Re4+ 28. Kh5 Rxd4 29. Be7+ Kc8 30. Bxf6 Rd2
31. h4 Rxa2 32. Kh6 Be8 33. Be5 Ra6+ 34. Kg7 Re6 35. Bf6 Rc6 36. Rh8 Kd7 37.
h5 Rc7 38. Be5 Rc5 39. Kf6 a5 40. h6 Rc6+ 41. Kf5 Bg6+ 42. Kg5 a4 43. Rg8
Bc2 44. Rg7+ Ke6 45. Bd4 a3 46. Rxb7 Ra6 47. Rc7 Bb1 48. Rc1 a2 49. Rf1 Ra5+
50. Kf4 Rf5+ {White resigns} 0-1

[Event "ICC tourney 2850 (40 10)"]
[Site "Internet Chess Club"]
[Date "2022.03.12"]
[Round "3"]
[White "MOHAN, SHANKARA:BellaVista"]
[Black "MEI, ZERUI TITUS:Thankfulfortune"]
[Result "1-0"]
[ICCResult "Black checkmated"]
[WhiteElo "1269"]
[BlackElo "1123"]
[Opening "Giuoco Piano"]
[ECO "C54"]
[NIC "IG.02"]
[Time "15:31:25"]
[PlyCount "133"]
[TimeControl "2400+10"]

1. e4 e5 2. Nf3 Nc6 3. Bc4 Bc5 4. c3 Nf6 5. d3 d6 6. h3 Be6 7. Bb3 O-O 8.
O-O Re8 9. Be3 Bb6 10. Nbd2 Bxb3 11. axb3 d5 12. Bxb6 cxb6 13. Re1 Qd7 14.
Nf1 dxe4 15. dxe4 Qxd1 16. Raxd1 Rad8 17. Ng3 g6 18. b4 b5 19. Kf1 Kg7 20.
Ke2 Re7 21. Rxd8 Nxd8 22. Rd1 Nc6 23. Ke3 a5 24. bxa5 Nxa5 25. Nd2 Rd7 26.
Ke2 Nc4 27. Nxc4 Rxd1 28. Kxd1 bxc4 29. Kc2 Kf8 30. b3 cxb3+ 31. Kxb3 Ke7
32. f3 Kd6 33. Kb4 Kc6 34. Nf1 Nd7 35. Ne3 Nc5 36. Ng4 Nd7 37. c4 b6 38. g3
f6 39. f4 exf4 40. gxf4 h5 41. Nf2 Nc5 42. e5 fxe5 43. fxe5 Na6+ 44. Kc3 Nc7
45. Ne4 Ne6 46. h4 b5 47. cxb5+ Kxb5 48. Kd3 Kc6 49. Kc4 Ng7 50. Nd2 Nf5 51.
Nf3 Ne3+ 52. Kd4 Nf5+ 53. Ke4 Kc5 54. Kf4 Kd5 55. Kg5 Ne7 56. Kf6 Nc6 57. e6
Kd6 58. Ng5 Ne7 59. Nf7+ Kc7 60. Kxe7 Kc8 61. Kf8 Kc7 62. e7 Kd7 63. e8=Q+
Kc7 64. Qe6 Kb8 65. Qd7 Ka8 66. Nd8 Kb8 67. Qb7# {Black checkmated} 1-0

[Event "ICC tourney 2850 (40 10)"]
[Site "Internet Chess Club"]
[Date "2022.03.12"]
[Round "3"]
[White "STONE, GILBERT L:tightfist"]
[Black "ARMBRUSTER, THOMAS E:TE47Armbruster"]
[Result "1-0"]
[ICCResult "Black resigns"]
[WhiteElo "1317"]
[BlackElo "1092"]
[Opening "Queen's Indian: 4.Nc3"]
[ECO "E12"]
[NIC "NI.26"]
[Time "15:32:13"]
[PlyCount "126"]
[TimeControl "2400+10"]

1. Nf3 Nf6 2. c4 e6 3. d4 b6 4. Nc3 Bb4 5. Qc2 Bb7 6. a3 Bxc3+ 7. Qxc3 O-O
8. Bg5 h6 9. Bh4 g5 10. Nxg5 hxg5 11. Bxg5 Ne4 12. Bxd8 Nxc3 13. Bxc7 Ne4
14. f3 Ng5 15. e4 Nc6 16. O-O-O f5 17. Bd6 Rf7 18. h4 Nh7 19. d5 exd5 20.
exd5 Nd8 21. Bd3 Rc8 22. Kb1 Ba6 23. b3 Nb7 24. Bb4 Nc5 25. Bc2 d6 26. Rde1
Kf8 27. Kb2 b5 28. cxb5 Bxb5 29. Re3 Re8 30. Rhe1 Rxe3 31. Rxe3 Bf1 32. g3
Bg2 33. Bxc5 dxc5 34. d6 Nf6 35. Bxf5 Nd7 36. Bxd7 Rxd7 37. Rd3 Kf7 38. Kc3
Bf1 39. Rd5 Ke6 40. Rxc5 Rxd6 41. f4 Rd3+ 42. Kb4 Rxg3 43. Re5+ Kd6 44. Rg5
Rxg5 45. fxg5 Be2 46. a4 a6 47. Ka5 Ke6 48. b4 Kf5 49. b5 axb5 50. axb5 Kg6
51. b6 Bf3 52. Ka6 Kh5 53. b7 Bxb7+ 54. Kxb7 Kg6 55. Kc6 Kf5 56. Kd6 Kg6 57.
Ke6 Kg7 58. h5 Kg8 59. Kf6 Kh7 60. Kf7 Kh8 61. h6 Kh7 62. g6+ Kh8 63. g7+
Kh7 {Black resigns} 1-0

[Event "ICC tourney 2850 (40 10)"]
[Site "Internet Chess Club"]
[Date "2022.03.12"]
[Round "3"]
[White "KODARAPU, NEEV:onix007"]
[Black "SOUTHERLAND, TRIPP:Nachooo"]
[Result "0-1"]
[ICCResult "White checkmated"]
[WhiteElo "1028"]
[BlackElo "1212"]
[Opening "Queen's pawn: London system"]
[ECO "A45"]
[NIC "QP.07"]
[Time "15:31:24"]
[PlyCount "90"]
[TimeControl "2400+10"]

1. d4 Nf6 2. Bf4 c5 3. e3 g6 4. Nf3 Bg7 5. c3 b6 6. Bd3 Bb7 7. Nbd2 O-O 8.
O-O d6 9. Bc2 Nbd7 10. h3 Rc8 11. Nc4 cxd4 12. Ncd2 dxc3 13. bxc3 Nd5 14.
Bh2 Nxc3 15. Qe1 Ba6 16. Kh1 Bxf1 17. Qxf1 Qc7 18. Bb3 Nc5 19. Rc1 Nxb3 20.
axb3 b5 21. b4 a5 22. bxa5 Qxa5 23. Ra1 Qb6 24. Qd3 b4 25. Nb3 Ra8 26. Rc1
Ra3 27. Qc2 Ra2 28. Qd3 Rxf2 29. Nbd4 Ra8 30. Nb3 Raa2 31. Nbd4 Bxd4 32.
Nxd4 Rxg2 33. Nf3 Rge2 34. Bf4 Qb7 35. Rf1 Rf2 36. Rxf2 Rxf2 37. e4 Ra2 38.
Nd2 Qb5 39. Qd4 Ra1+ 40. Kg2 Qe2+ 41. Kg3 e5 42. Bxe5 dxe5 43. Qd8+ Kg7 44.
Qe7 Rg1+ 45. Kh4 Qh5# {White checkmated} 0-1

[Event "ICC tourney 2850 (40 10)"]
[Site "Internet Chess Club"]
[Date "2022.03.12"]
[Round "4"]
[White "ASHOK, AMUDHAN:amudhanashok"]
[Black "YUAN, DAVID:David1250"]
[Result "0-1"]
[ICCResult "White checkmated"]
[WhiteElo "950"]
[BlackElo "1293"]
[Opening "Queen's pawn game, Chigorin variation"]
[ECO "D02"]
[NIC "QP.08"]
[Time "17:45:31"]
[PlyCount "78"]
[TimeControl "2400+10"]

1. d4 d5 2. Nf3 Nc6 3. Nc3 Nf6 4. Bf4 Bf5 5. e3 e6 6. a3 a6 7. Be2 Be7 8.
O-O O-O 9. h3 h6 10. Re1 Re8 11. Bd3 Bxd3 12. Qxd3 Bd6 13. Bxd6 Qxd6 14.
Rab1 e5 15. dxe5 Nxe5 16. Nxe5 Qxe5 17. Red1 c6 18. Ne2 Ne4 19. Nf4 Nc5 20.
Qd4 Qxd4 21. exd4 Ne4 22. c3 Re7 23. Re1 Rae8 24. Rbd1 Kf8 25. f3 Nxc3 26.
Rxe7 Nxd1 27. Rxb7 g5 28. Nh5 Re2 29. Rb6 Ne3 30. Rb8+ Ke7 31. Rb7+ Ke6 32.
Ng7+ Kf6 33. Ne8+ Kg6 34. Rb6 Rxg2+ 35. Kh1 Rc2 36. Rxa6 Nf5 37. b4 Nxd4 38.
Nd6 Nxf3 39. b5 Rh2# {White checkmated} 0-1

[Event "ICC tourney 2850 (40 10)"]
[Site "Internet Chess Club"]
[Date "2022.03.12"]
[Round "4"]
[White "VIJAYABHARATHI, SACHIN:sachinv24"]
[Black "Lafer, Michael Barry:MLafer"]
[Result "0-1"]
[ICCResult "White checkmated"]
[WhiteElo "320"]
[BlackElo "1039"]
[Opening "Sicilian defense"]
[ECO "B20"]
[NIC "SI.48"]
[Time "17:45:29"]
[PlyCount "30"]
[TimeControl "2400+10"]

1. e4 c5 2. Bc4 e6 3. Nf3 a6 4. Ne5 d6 5. Nf3 Nf6 6. e5 dxe5 7. Nxe5 Bd6 8.
d4 Qc7 9. Qe2 cxd4 10. Bf4 O-O 11. Nxf7 Kxf7 12. Bxe6+ Bxe6 13. Bxd6 Qxd6
14. O-O Ng4 15. f3 Qxh2# {White checkmated} 0-1

[Event "ICC tourney 2850 (40 10)"]
[Site "Internet Chess Club"]
[Date "2022.03.12"]
[Round "4"]
[White "BROCK, JASON:jbrock31"]
[Black "ZHU, PENGYU:zhupeter"]
[Result "1/2-1/2"]
[ICCResult "Game drawn by mutual agreement"]
[WhiteElo "800"]
[BlackElo "676"]
[Opening "English opening"]
[ECO "A16"]
[NIC "EO.64"]
[Time "17:45:29"]
[PlyCount "74"]
[TimeControl "2400+10"]

1. c4 Nf6 2. Nc3 c6 3. g3 d5 4. b3 e5 5. d3 Bb4 6. Bd2 d4 7. Ne4 Bxd2+ 8.
Qxd2 Nxe4 9. dxe4 c5 10. Bg2 Be6 11. Nf3 O-O 12. Nxe5 f6 13. Nf3 Nc6 14. O-O
Ne5 15. Nxe5 fxe5 16. h3 Qd7 17. Kh2 Rf6 18. f4 exf4 19. Rxf4 Rxf4 20. Qxf4
Rf8 21. Qg5 h6 22. Qxc5 Rf6 23. Rf1 b6 24. Qb5 Qc7 25. Rxf6 gxf6 26. h4 Qd6
27. Bh3 Bxh3 28. Kxh3 d3 29. exd3 Qxd3 30. Qa6 Qd7+ 31. Kg2 Qd2+ 32. Kg1 Qe2
33. Qxa7 Qxe4 34. Qxb6 Qe1+ 35. Kg2 Qe2+ 36. Kh3 Qxa2 37. Qxf6 Qxb3
{Game drawn by mutual agreement}
1/2-1/2

[Event "ICC tourney 2850 (40 10)"]
[Site "Internet Chess Club"]
[Date "2022.03.12"]
[Round "4"]
[White "MEI, ZERUI TITUS:Thankfulfortune"]
[Black "Bayramli, Farid:GameOfKings"]
[Result "1-0"]
[ICCResult "Black resigns"]
[WhiteElo "1123"]
[BlackElo "410"]
[Opening "Four knights: Spanish, classical defense"]
[ECO "C48"]
[NIC "KP.03"]
[Time "17:45:35"]
[PlyCount "71"]
[TimeControl "2400+10"]

1. e4 e5 2. Nf3 Nc6 3. Bb5 Nf6 4. Nc3 Bc5 5. d3 Bb4 6. Bg5 h6 7. Bh4 a6 8.
Ba4 Bxc3+ 9. bxc3 d5 10. Bxf6 Qxf6 11. exd5 Bd7 12. dxc6 Bxc6 13. Bxc6+ Qxc6
14. Qd2 O-O 15. O-O e4 16. dxe4 Qxe4 17. Qd3 Qg4 18. Qd4 Qf5 19. Rac1 Rad8
20. Qe5 Qg4 21. Qg3 Qf5 22. Nd4 Qc8 23. h3 c5 24. Nf3 b5 25. Qg4 Qxg4 26.
hxg4 b4 27. cxb4 cxb4 28. Rfd1 Rxd1+ 29. Rxd1 Rb8 30. Rb1 a5 31. c3 g6 32.
cxb4 axb4 33. Nd4 h5 34. gxh5 gxh5 35. Nc6 Rc8 36. Ne7+ {Black resigns} 1-0

[Event "ICC tourney 2850 (40 10)"]
[Site "Internet Chess Club"]
[Date "2022.03.12"]
[Round "4"]
[White "ZHAO, DANSON:K01-30127679"]
[Black "MOHAN, SHANKARA:BellaVista"]
[Result "0-1"]
[ICCResult "White checkmated"]
[WhiteElo "1234"]
[BlackElo "1269"]
[Opening "Giuoco Pianissimo: Italian four knights variation"]
[ECO "C50"]
[NIC "IG.02"]
[Time "17:46:20"]
[PlyCount "98"]
[TimeControl "2400+10"]

1. e4 e5 2. Nf3 Nc6 3. Bc4 Bc5 4. Nc3 Nf6 5. d3 h6 6. O-O d6 7. h3 O-O 8. a3
a5 9. Be3 Bb6 10. Bxb6 cxb6 11. Nd5 Nxd5 12. Bxd5 Ne7 13. Bb3 b5 14. a4 bxa4
15. Bxa4 Bd7 16. Bxd7 Qxd7 17. Qd2 Qb5 18. Rab1 Nc6 19. Qe3 a4 20. Nh4 Ne7
21. f4 Rac8 22. c3 exf4 23. Qxf4 Rcd8 24. d4 d5 25. e5 Qc6 26. Nf5 Nxf5 27.
Qxf5 b5 28. Qg4 Kh7 29. Qf5+ Kg8 30. Qg4 Kh7 31. Qf5+ Qg6 32. Qxg6+ Kxg6 33.
Rf3 Rde8 34. Rg3+ Kh7 35. Rf1 Rb8 36. Rff3 b4 37. Kf2 a3 38. cxb4 a2 39. Ra3
Ra8 40. Rxa2 Rxa2 41. Rb3 Rb8 42. Ke3 Ra4 43. Rc3 Raxb4 44. Rc5 Rxb2 45.
Rxd5 Rxg2 46. Rd7 Kg6 47. d5 Rg3+ 48. Kf4 Rxh3 49. d6 Rb4# {White
checkmated} 0-1

[Event "ICC tourney 2850 (40 10)"]
[Site "Internet Chess Club"]
[Date "2022.03.12"]
[Round "4"]
[White "MADALA, MANASVI:Manasvimadala"]
[Black "WEISS, MATTHEW DAVID:portnoy311"]
[Result "0-1"]
[ICCResult "White checkmated"]
[WhiteElo "609"]
[BlackElo "1189"]
[Opening "Sicilian defense"]
[ECO "B30"]
[NIC "SI.31"]
[Time "17:45:57"]
[PlyCount "56"]
[TimeControl "2400+10"]

1. e4 c5 2. Nf3 Nc6 3. Nc3 g6 4. Bc4 Bg7 5. d3 d6 6. O-O Nf6 7. h3 O-O 8.
Be3 a6 9. a3 b5 10. Ba2 b4 11. axb4 Nxb4 12. Bb3 Nd7 13. Nd5 Nxd5 14. Bxd5
Rb8 15. d4 Rxb2 16. dxc5 dxc5 17. Bb3 Rxb3 18. cxb3 Bxa1 19. Qxa1 Bb7 20.
Bh6 f6 21. Bxf8 Kxf8 22. e5 Bxf3 23. gxf3 Nxe5 24. Qxa6 Nxf3+ 25. Kg2 Qd5
26. Qc8+ Kg7 27. Qe8 Nh4+ 28. Kg1 Qg2# {White checkmated} 0-1

[Event "ICC tourney 2850 (40 10)"]
[Site "Internet Chess Club"]
[Date "2022.03.12"]
[Round "4"]
[White "Maradana, Harsha:K05-30024511"]
[Black "SUNDARAM, SREE:SreeVSundaram"]
[Result "0-1"]
[ICCResult "White checkmated"]
[WhiteElo "386"]
[BlackElo "1184"]
[Opening "Sicilian defense"]
[ECO "B40"]
[NIC "SI.43"]
[Time "17:45:35"]
[PlyCount "168"]
[TimeControl "2400+10"]

1. e4 c5 2. Nf3 e6 3. Nc3 Nc6 4. Bc4 Nf6 5. O-O Be7 6. d3 O-O 7. e5 Ng4 8.
h3 Ngxe5 9. Nxe5 Nxe5 10. Bf4 Ng6 11. Qg4 e5 12. Be3 d5 13. Qh5 dxc4 14. Ne4
Re8 15. Ng5 Bxg5 16. Bxg5 Qd6 17. dxc4 Be6 18. Rad1 Qc7 19. b3 Nf4 20. Bxf4
exf4 21. Rde1 Rad8 22. Re5 f6 23. Rxc5 Qf7 24. Qxf7+ Kxf7 25. Rc7+ Rd7 26.
Rc5 Rd2 27. Rc7+ Re7 28. Rc5 Rxc2 29. Ra5 b6 30. Rh5 h6 31. a4 Rb2 32. a5
Rxb3 33. axb6 axb6 34. c5 b5 35. c6 Rc7 36. Rc5 b4 37. Rd1 Rb2 38. Rdc1 b3
39. Rb5 Ra2 40. Rb7 Rxb7 41. cxb7 b2 42. Rb1 Ra1 43. b8=Q Rxb1+ 44. Kh2 Kg6
45. Qxf4 Rh1+ 46. Kxh1 b1=Q+ 47. Kh2 Qf5 48. Qg3+ Qg5 49. Qxg5+ Kxg5 50. f3
f5 51. g3 h5 52. h4+ Kh6 53. f4 Kg6 54. Kg2 Kf7 55. Kf3 Ke7 56. Ke3 Kd6 57.
Kd4 Bf7 58. Kd3 Kd5 59. Ke3 Kc4 60. Kf3 Kd3 61. Kf2 Bd5 62. Kg1 Ke3 63. Kh2
Kf3 64. Kh3 Bc4 65. Kh2 Bf1 66. Kg1 Kxg3 67. Kxf1 Kxh4 68. Kf2 g6 69. Ke3
Kg4 70. Kf2 h4 71. Kg2 h3+ 72. Kh2 Kxf4 73. Kxh3 Ke3 74. Kg2 f4 75. Kf1 Kf3
76. Kg1 Ke2 77. Kg2 f3+ 78. Kg1 f2+ 79. Kg2 f1=Q+ 80. Kg3 Qf5 81. Kg2 Qf3+
82. Kh2 Qg4 83. Kh1 Kf2 84. Kh2 Qg2# {White checkmated} 0-1

[Event "ICC tourney 2850 (40 10)"]
[Site "Internet Chess Club"]
[Date "2022.03.12"]
[Round "4"]
[White "LAIDO, MATTHEW:Dabao"]
[Black "WADE, DONALD R:slooowchess61"]
[Result "1-0"]
[ICCResult "Black resigns"]
[WhiteElo "1137"]
[BlackElo "1362"]
[Opening "Sicilian: Alapin's variation (2.c3)"]
[ECO "B22"]
[NIC "SI.46"]
[Time "17:47:00"]
[PlyCount "55"]
[TimeControl "2400+10"]

1. e4 c5 2. c3 d6 3. d4 Nf6 4. Bd3 cxd4 5. cxd4 e6 6. Nf3 Be7 7. Nc3 Bd7 8.
Bf4 O-O 9. O-O Nc6 10. Re1 Nh5 11. Be3 e5 12. dxe5 Nxe5 13. Nxe5 dxe5 14.
Qxh5 Bf6 15. Nd5 Re8 16. Rad1 Rc8 17. Be2 Be7 18. Nxe7+ Qxe7 19. Rxd7 Qxd7
20. Bg4 Qa4 21. Bxc8 Rxc8 22. Qg4 Re8 23. Bh6 g6 24. Qg5 Qa6 25. Rd1 Qb6 26.
h3 f6 27. Qg4 Qc6 28. Qd7 {Black resigns} 1-0

[Event "ICC tourney 2850 (40 10)"]
[Site "Internet Chess Club"]
[Date "2022.03.12"]
[Round "4"]
[White "SOUTHERLAND, TRIPP:Nachooo"]
[Black "ADUSUMALLI, ANIRUDH SAI:Anichess2009"]
[Result "1-0"]
[ICCResult "Black resigns"]
[WhiteElo "1212"]
[BlackElo "1027"]
[Opening "Pirc: Austrian attack"]
[ECO "B09"]
[NIC "PU.07"]
[Time "17:45:37"]
[PlyCount "79"]
[TimeControl "2400+10"]

1. e4 d6 2. d4 Nf6 3. Nc3 g6 4. f4 Nbd7 5. Nf3 Bg7 6. Bd3 O-O 7. O-O c5 8.
e5 dxe5 9. dxe5 Nh5 10. g4 c4 11. Bxc4 Nb6 12. Qxd8 Rxd8 13. Bb3 Bxg4 14.
Ne4 Nd5 15. Nfg5 e6 16. Nd6 Rd7 17. Bxd5 exd5 18. Bd2 h6 19. Nf3 Bxf3 20.
Rxf3 f6 21. Re1 fxe5 22. fxe5 Bxe5 23. Rxe5 Rxd6 24. Bxh6 Kh7 25. Bg5 Rg8
26. Rf7+ Rg7 27. Rxg7+ Nxg7 28. Re7 Rb6 29. Be3 Rxb2 30. Rxg7+ Kxg7 31. Bd4+
Kf7 32. Bxb2 Ke6 33. Kf2 Kf5 34. Bd4 a5 35. a4 Ke4 36. c3 Kd3 37. Kf3 b5 38.
axb5 a4 39. Bc5 Kc4 40. b6 {Black resigns} 1-0

[Event "ICC tourney 2850 (40 10)"]
[Site "Internet Chess Club"]
[Date "2022.03.12"]
[Round "4"]
[White "VOLOSHIN, VANYA:Vanya-long"]
[Black "HAMLETT, JAMES MORRISON:Hamlett144"]
[Result "1-0"]
[ICCResult "Black resigns"]
[WhiteElo "812"]
[BlackElo "1216"]
[Opening "French: advance, Paulsen attack"]
[ECO "C02"]
[NIC "FR.03"]
[Time "17:52:19"]
[PlyCount "61"]
[TimeControl "2400+10"]

1. e4 e6 2. d4 d5 3. e5 c5 4. c3 Nc6 5. Nf3 Qb6 6. Be2 Bd7 7. O-O c4 8. Qc2
Nge7 9. Bg5 h6 10. Bh4 Ng6 11. Bg3 Be7 12. Nbd2 h5 13. h3 h4 14. Bh2 O-O-O
15. Rab1 f6 16. exf6 gxf6 17. b3 Rdg8 18. bxc4 Qd8 19. cxd5 exd5 20. Qb3 Na5
21. Qxd5 Nc6 22. Nc4 Qf8 23. Kh1 Qg7 24. Nd6+ Bxd6 25. Qxd6 Bxh3 26. gxh3
Nf4 27. Rg1 Nxh3 28. Rxg7 Rxg7 29. Rf1 Rhg8 30. Qe6+ Kd8 31. Qxh3
{Black resigns}
1-0

[Event "ICC tourney 2850 (40 10)"]
[Site "Internet Chess Club"]
[Date "2022.03.12"]
[Round "4"]
[White "Chen, Angelique Lee:oklahoo"]
[Black "JIANG, MATHEW:mathewjiang"]
[Result "0-1"]
[ICCResult "White checkmated"]
[WhiteElo "884"]
[BlackElo "1400"]
[Opening "Scandinavian (center counter) defense"]
[ECO "B01"]
[NIC "SD.01"]
[Time "17:46:20"]
[PlyCount "92"]
[TimeControl "2400+10"]

1. e4 d5 2. exd5 Qxd5 3. Nc3 Qa5 4. Nf3 Nf6 5. Bc4 Bf5 6. d4 c6 7. h3 e6 8.
Bd2 Qc7 9. O-O Be7 10. Nh4 Bg6 11. Bg5 Nbd7 12. Nxg6 hxg6 13. Re1 O-O 14.
Qf3 Nb6 15. Bb3 Nbd5 16. Nxd5 cxd5 17. Rac1 b5 18. a4 a6 19. Bf4 Bd6 20. Be5
Bxe5 21. dxe5 Ne4 22. Qf4 Nc5 23. axb5 axb5 24. Qb4 Qb6 25. c4 Nd3 26. c5
Qc6 27. Qd4 Nxe1 28. Rxe1 Rfc8 29. Rc1 Ra5 30. Qb4 Ra7 31. Bd1 Ra6 32. Qd4
Qc7 33. b4 Qc6 34. Be2 Ra4 35. Rb1 Rca8 36. Qd1 Ra2 37. Qf1 Rb8 38. Bd1 Rd2
39. Qe1 Rd4 40. Qe3 Re4 41. Qc3 d4 42. Qg3 Re1+ 43. Kh2 Qe4 44. Qb3 Qxe5+
45. g3 Qe4 46. Bc2 Qh1# {White checkmated} 0-1

[Event "ICC tourney 2850 (40 10)"]
[Site "Internet Chess Club"]
[Date "2022.03.12"]
[Round "4"]
[White "POWERS, BARNEY:Barnstorm"]
[Black "SAWYER, TIMOTHY A:tasawyer81"]
[Result "1-0"]
[ICCResult "Black resigns"]
[WhiteElo "1233"]
[BlackElo "938"]
[Opening "Réti: King's Indian attack (Barcza system)"]
[ECO "A07"]
[NIC "QP.09"]
[Time "17:45:30"]
[PlyCount "57"]
[TimeControl "2400+10"]

1. Nf3 d5 2. g3 Nf6 3. Bg2 Nc6 4. O-O e5 5. d3 Be7 6. Nbd2 O-O 7. e4 d4 8.
c3 Bg4 9. h3 Be6 10. Ng5 Qd7 11. Ndf3 h6 12. Nxe6 Qxe6 13. Nh4 Nh7 14. Nf5
Ng5 15. h4 Nh7 16. Qg4 Bf6 17. Bxh6 Ne7 18. Nxe7+ Qxe7 19. f4 dxc3 20. fxe5
Bxe5 21. bxc3 Bxc3 22. Rab1 Rfd8 23. Rf3 g6 24. h5 Nf6 25. Qh4 Qc5+ 26. Kh2
Nxh5 27. Bg5 Re8 28. Rbf1 Rf8 29. Be7 {Black resigns} 1-0

[Event "ICC tourney 2850 (40 10)"]
[Site "Internet Chess Club"]
[Date "2022.03.12"]
[Round "4"]
[White "BAI, JEFFREY:Jeffchess"]
[Black "ZHOU, ALEXANDER ZHENG:Lailaiking"]
[Result "1-0"]
[ICCResult "Black checkmated"]
[WhiteElo "1276"]
[BlackElo "1029"]
[Opening "Evans gambit: 5...Be7"]
[ECO "C51"]
[NIC "IG.05"]
[Time "17:46:20"]
[PlyCount "151"]
[TimeControl "2400+10"]

1. e4 e5 2. Nf3 Nc6 3. Bc4 Bc5 4. b4 Bxb4 5. c3 Be7 6. d4 d6 7. d5 Nb8 8.
Qb3 Nf6 9. Nbd2 Nbd7 10. Bb5 a6 11. Bd3 Nc5 12. Qc2 Bd7 13. Ba3 Nxd3+ 14.
Qxd3 Bg4 15. h3 Bxf3 16. Nxf3 h6 17. O-O Qd7 18. Nd2 b5 19. Rab1 O-O 20. c4
Rab8 21. Rb4 Rb7 22. Rfb1 Rfb8 23. cxb5 Rxb5 24. Rxb5 axb5 25. Nc4 Qc8 26.
Nxe5 dxe5 27. Bxe7 Qb7 28. f3 Qa6 29. Qc2 Rb7 30. a4 bxa4 31. Rxb7 Qxb7 32.
Qxa4 Qb1+ 33. Kf2 Qb2+ 34. Kg1 Qb1+ 35. Kh2 Qc1 36. Bxf6 gxf6 37. Qb5 Qf4+
38. Kg1 Qc1+ 39. Qf1 Qxf1+ 40. Kxf1 Kf8 41. Ke2 Ke7 42. Kd3 Kd6 43. Kc4 h5
44. g4 h4 45. Kb5 f5 46. exf5 f6 47. g5 fxg5 48. f6 g4 49. f7 Ke7 50. fxg4
e4 51. Kc4 Kxf7 52. Kd4 Ke7 53. g5 Kf7 54. Kxe4 Kg6 55. Kf4 Kg7 56. Kf5 Kf7
57. g6+ Kg7 58. Ke6 c5 59. dxc6 Kxg6 60. c7 Kh5 61. Kf5 Kh6 62. c8=Q Kh7 63.
Qd7+ Kh6 64. Qe6+ Kh7 65. Qe7+ Kh6 66. Qxh4+ Kg7 67. Qg5+ Kh7 68. Qg6+ Kh8
69. Qa6 Kg7 70. h4 Kh7 71. Kg5 Kg7 72. h5 Kh7 73. h6 Kg8 74. Qe6+ Kh7 75.
Qg6+ Kh8 76. Qg7# {Black checkmated} 1-0

[Event "ICC tourney 2850 (40 10)"]
[Site "Internet Chess Club"]
[Date "2022.03.12"]
[Round "4"]
[White "Bharathy Mohan, Aarav Sai:aaravbm"]
[Black "STONE, GILBERT L:tightfist"]
[Result "0-1"]
[ICCResult "White checkmated"]
[WhiteElo "1004"]
[BlackElo "1317"]
[Opening "French defense"]
[ECO "C00"]
[NIC "FR.01"]
[Time "17:46:20"]
[PlyCount "124"]
[TimeControl "2400+10"]

1. e4 e6 2. Nf3 d5 3. exd5 exd5 4. h3 Be7 5. d4 Nf6 6. Be2 O-O 7. O-O c5 8.
c4 cxd4 9. cxd5 Nxd5 10. Nxd4 Bf6 11. Bf3 Nc6 12. Nxc6 bxc6 13. Bxd5 Qxd5
14. Qxd5 cxd5 15. a3 Be6 16. Nc3 Bxc3 17. bxc3 Rab8 18. Bf4 Rb3 19. Rac1 Rc8
20. Rb1 Rbxc3 21. a4 R3c4 22. Be3 Rxa4 23. Rb7 Ra8 24. Rfb1 h6 25. Rb8+ Rxb8
26. Rxb8+ Kh7 27. Ra8 d4 28. Bd2 a6 29. Kh2 Ra2 30. Be1 Re2 31. Bb4 Rxf2 32.
Rxa6 Bd5 33. Rd6 Rxg2+ 34. Kh1 Rg5+ 35. Kh2 d3 36. Bd2 Rg2+ 37. Kh1 Rxd2+
38. Rxd5 Rd1+ 39. Kg2 d2 40. Kf2 f6 41. Ke2 Rh1 42. Kxd2 Rxh3 43. Ke2 h5 44.
Kf2 Kg6 45. Kg2 Re3 46. Kf2 Re5 47. Rd3 Rf5+ 48. Kg2 h4 49. Rh3 Kh5 50. Kh2
g5 51. Re3 g4 52. Re8 Rf3 53. Rh8+ Kg5 54. Rg8+ Kf5 55. Rh8 h3 56. Rg8 Kf4
57. Rg6 f5 58. Rg7 Rf2+ 59. Kg1 g3 60. Ra7 h2+ 61. Kh1 Rf1+ 62. Kg2 h1=Q#
{White checkmated}
0-1